 Dungeon Crawl Stone Soup version 0.21-a0-278-ga722497 (webtiles) character file.

950 tilp the Conjurer (level 8, -4/57 HPs)
             Began as a Hill Orc Fire Elementalist on Sept 19, 2017.
             Killed from afar by an orc wizard (6 damage)
             ... with a magic dart
             ... on level 5 of the Dungeon on Sept 20, 2017.
             The game lasted 00:21:25 (7126 turns).

tilp the Conjurer (Hill Orc Fire Elementalist)      Turns: 7126, Time: 00:21:25

Health: -4/57      AC:  2    Str: 11    XL:     8   Next: 13%
Magic:  10/13      EV: 15    Int: 17    God:
Gold:   181        SH:  0    Dex: 13    Spells: 4/14 levels left

rFire    . . .     SeeInvis .   a - +2 dagger (venom)
rCold    . . .     Gourm    .   (no shield)
rNeg     . . .     Faith    .   d - +0 robe
rPois    .         Spirit   .   (no helmet)
rElec    .         Reflect  .   (no cloak)
rCorr    .         Harm     .   (no gloves)
MR       .....                  (no boots)
Stlth    ++........             (no amulet)
HPRegen  0.19/turn              e - +2 ring of dexterity
MPRegen  0.13/turn              p - +3 ring of evasion

@: slowed, very slow
A: no striking features
a: Convert to Beogh


You were on level 5 of the Dungeon.
You were not hungry.

You visited 2 branches of the dungeon, and saw 6 of its levels.

You collected 181 gold pieces.

Inventory:

Hand Weapons
 a - a +2 dagger of venom (weapon)
 b - a +0 hunting sling
 v - a +2 dagger of speed
Missiles
 i - 145 stones (quivered)
 w - 14 sling bullets
Armour
 d - a +0 robe (worn)
Jewellery
 e - a +2 ring of dexterity (left hand)
 p - a +3 ring of evasion (right hand)
Scrolls
 c - a scroll of blinking {unknown}
 f - a scroll of enchant armour {unknown}
 g - a scroll of fog {unknown}
 h - 5 scrolls of remove curse
 m - a scroll of fear {unknown}
 n - 2 scrolls of amnesia
 q - 3 scrolls of enchant weapon {unknown}
 u - 2 scrolls of immolation {unknown}
 x - a scroll of random uselessness {unknown}
 y - 2 scrolls of teleportation {unknown}
Potions
 l - a potion of cancellation {unknown}
 r - a potion of flight
 s - a potion of haste
 z - a potion of brilliance {unknown}
Books
 o - a book of Flames

   Spells                             Type                      Level
   a - Flame Tongue                   Conjuration/Fire             1
   b - Throw Flame                    Conjuration/Fire             2
   c - Conjure Flame                  Conjuration/Fire             3
   d - Inner Flame                    Hexes/Fire                   3
   e - Sticky Flame                   Conjuration/Fire             4
   f - Fireball                       Conjuration/Fire             5
Comestibles
 j - 2 chunks of flesh
 k - 8 fruits
 t - a royal jelly


   Skills:
 - Level 1.5 Dodging
 - Level 1.5 Stealth
 + Level 3.8 Spellcasting
 * Level 6.3 Conjurations
 + Level 5.9 Fire Magic


You had 4 spell levels left.
You knew the following spells:

 Your Spells              Type           Power        Failure   Level  Hunger
a - Flame Tongue          Conj/Fire      ###..        1%          1    None
b - Throw Flame           Conj/Fire      ###...       1%          2    ##.....
c - Conjure Flame         Conj/Fire      ###.....     3%          3    ###....
d - Sticky Flame          Conj/Fire      ###.....     13%         4    ####...


Dungeon Overview and Level Annotations

Branches:
Dungeon (5/15)             Temple (1/1) D:5

Altars:
Ashenzari
Cheibriados
Elyvilon
Fedhas
Gozag
Hepliaklqana
Kikubaaqudgha
Okawaru
Qazlal
Ru
Sif Muna
Trog
Uskayaw
Vehumet
Wu Jian
Xom
Yredelemnul
Zin

Annotations:
D:2 Robin
D:4 2 transporters


Message History

You feel yourself slow down. The orc wizard casts a spell at you.
You feel as though you will be slow longer.
The orc wizard gestures wildly while chanting.
The orc wizard blinks!
The orc wizard gestures at you while chanting.
You feel as though you will be slow longer.
There is an open door here.
Okay, then.
The orc wizard casts a spell at you.
You feel as though you will be slow longer.
The orc wizard hits you with a dagger.
* * * LOW HITPOINT WARNING * * *
The orc wizard mumbles some strange words.
The orc wizard blinks!
The orc wizard closely misses you. The orc wizard misses you.
The orc wizard points at you and mumbles some strange words.
The magic dart hits you!
You die...

#..# #....#.###...## ##...#
#..###.####.# ##.## ....#
#......# #.# #.# ...
#.##...####.# #.# #.#
#.##........# ##'## ###o#
#.####..#######...## #...#
#.####..# ##<....## ##.###
#.......# ##.....(.## ##..#
####F...####....@ooo.####...##
w..(#w.....'.........o.o.....#
##.##...#.##.........####...##
#.##.##.##.##.......## #.....#
##.##..##.####.....## #.#.#.#
##.#..#.######...## #.....#
##.##.#........## #.....#
#.####.######.# #.....#
#.####.######.# ... .#


You could see 2 orc priests, an orc wizard and 2 orcs.

Vanquished Creatures
  Prince Ribbit (D:5)
  An ogre (D:4)
  A phantom (D:4)
  A centaur (D:5)
  A bullfrog zombie (D:5)
  A centaur skeleton (D:4)
  An orc priest (D:3)
  A hound (D:4)
  A bullfrog skeleton (D:4)
  An orc wizard (D:4)
  3 worker ants
  A hound zombie (D:5)
  7 gnolls
  6 adders
  An ooze (D:3)
  3 worms
  A dart slug (D:1)
  14 orcs
  4 ball pythons
  8 bats
  5 giant cockroaches
  13 goblins
  9 hobgoblins
  5 jackals
  9 kobolds
  3 quokkas
  7 frilled lizards
  A giant cockroach zombie (D:5)
  4 rats
114 creatures vanquished.

Notes
Turn   | Place    | Note
-------+----------+-------------------------------------------
     0 | D:1      | tilp the Hill Orc Fire Elementalist began the quest for the Orb.
     0 | D:1      | Reached XP level 1. HP: 14/14 MP: 3/3
   355 | D:1      | Reached XP level 2. HP: 20/20 MP: 2/4
   364 | D:1      | Learned a level 2 spell: Throw Flame
   774 | D:1      | Reached skill level 2 in Conjurations
   873 | D:2      | Noticed Robin
  1045 | D:2      | Reached XP level 3. HP: 6/26 MP: 0/6
  1812 | D:2      | Reached XP level 4. HP: 30/33 MP: 2/7
  2838 | D:2      | Found a white marble altar of Elyvilon.
  2838 | D:2      | Found a glowing silver altar of Zin.
  2844 | D:2      | Found an ornate altar of the Wu Jian Council.
  2846 | D:2      | Found a radiant altar of Vehumet.
  2848 | D:2      | Found a faded altar of an unknown god.
  2947 | D:3      | Reached skill level 3 in Conjurations
  3154 | D:3      | Learned a level 3 spell: Conjure Flame
  3387 | D:3      | Reached XP level 5. HP: 38/38 MP: 8/8
  4806 | D:4      | Reached XP level 6. HP: 45/45 MP: 4/10
  4998 | D:4      | Reached skill level 4 in Conjurations
  5061 | D:4      | Learned a level 4 spell: Sticky Flame
  5147 | D:4      | Reached skill level 5 in Fire Magic
  5216 | D:4      | Found an iron altar of Okawaru.
  5217 | D:4      | Noticed a two-headed ogre
  5231 | D:4      | Found a transporter.
  5238 | D:4      | Found a transporter.
  5260 | D:4      | Reached XP level 7. HP: 45/50 MP: 0/11
  5890 | D:4      | Reached skill level 5 in Conjurations
  6473 | D:5      | Entered Level 5 of the Dungeon
  6474 | D:5      | Upgraded the game from 0.21-a0-274-gc1afaeb to 0.21-a0-278-ga722497
  6685 | D:5      | Found a staircase to the Ecumenical Temple.
  6711 | Temple   | Entered the Ecumenical Temple
  6851 | D:5      | Noticed Prince Ribbit
  6906 | D:5      | Killed Prince Ribbit
  6906 | D:5      | Reached skill level 6 in Conjurations
  6906 | D:5      | Reached XP level 8. HP: 22/57 MP: 0/13
  7123 | D:5      | HP: 1/57 [orc wizard/dagger (6)]
  7126 | D:5      | Killed from afar by an orc wizard

Vault maps used:
D:1:      lightli_arrival_windingriver
D:2:      chequers_temple_overflow_minitemple, uniq_robin
D:3:      first_bread
D:4:      gammafunk_temple_overflow_arena
D:5:      gammafunk_temple_overflow_wave, temple_statues, uniq_edmund,
          uniq_prince_ribbit1
Temple:   dshaligram_water_room_temple

Skill      XL: |  1  2  3  4  5  6  7 |
---------------+----------------------+-----
Conjurations   | 2 3 4 6 |  6.3
Spellcasting   | 2 3 |  3.8
Fire Magic     | 4 5 |  5.9
Dodging        | |  1.5
Stealth        | |  1.5

Action                   |  1- 3 |  4- 6 |  7- 9 || total
-------------------------+-------+-------+-------++-------
Melee: Club              |    16 |       |       ||    16
       Dagger            |     9 |   102 |    24 ||   135
       Mace              |       |    23 |       ||    23
 Fire: Hunting sling     |    44 |    31 |    17 ||    92
Throw: Stone             |       |     6 |       ||     6
 Cast: Flame Tongue      |    36 |    73 |    51 ||   160
       Conjure Flame     |       |     3 |     5 ||     8
       Sticky Flame      |       |     2 |     3 ||     5
       Throw Flame       |       |       |     2 ||     2
  Use: Potion            |     1 |     2 |       ||     3
       Scroll            |       |     5 |       ||     5
 Stab: Sleeping          |     4 |     1 |       ||     5
  Eat: Chunk             |     3 |     8 |     3 ||    14
       Bread ration      |       |     1 |     1 ||     2
Armor: Robe              |    13 |    13 |     3 ||    29
Dodge: Dodged            |    30 |    97 |    32 ||   159

Table legend:
 A = Spawn XP
 B = Non-spawn XP
 C = Spawn XP percentage of total XP
 D = Spawn monster count
 E = Non-spawn monster count
 F = Spawn count percentage of total count
 G = Total turns spent on level
                    A         B        C        D         E        F      G
               +---------+---------+-------+---------+---------+-------+---------
         Total |       0 |    1358 |   0.0 |       0 |     114 |   0.0 |  7126
               +---------+---------+-------+---------+---------+-------+---------
           D:1 |       0 |      57 |   0.0 |       0 |      18 |   0.0 |  2114
           D:2 |       0 |      83 |   0.0 |       0 |      28 |   0.0 |   815
           D:3 |       0 |     149 |   0.0 |       0 |      29 |   0.0 |  1775
           D:4 |       0 |     577 |   0.0 |       0 |      31 |   0.0 |  1801
           D:5 |       0 |     492 |   0.0 |       0 |       8 |   0.0 |   530
               +---------+---------+-------+---------+---------+-------+---------
